cohdb
Replays
Latest Replays
All Replays
Popular Replays
Top Player Replays
Match Explorer
How It Works
Community
CoH3 Stats
Reddit
Sign in to upload your games and track your stats! →
Sign in with Steam
Match 44819877
Unlisted
Match 44819877
Overview
Messages
Build Orders
End
Kradschützen Motorcycle Team
250 Light Carrier
Panzerpioneer Squad
Construct Light Support Kompanie
Assault Grenadier Squad
Panzergrenadier Squad
Fire Support Elements
Flakvierling Half-track
2.5-tonne Medical Truck
Selects Italian Infantry
Selects Italian Infantry
Selects Defensive Operations
Selects Guastatori Squad
Selects Registered Artillery
Construct Mechanized Kompanie
Panzerjäger Mechanized Group
Panzerjäger Squad
Selects Territory Booby Traps
Construct Panzerarmee Kommand
Assault Mechanized Group
Walking Stuka Rocket Launcher
Selects Obice 305mm Barrage
Brother
OIDA
0
0
Comments
sign in to comment!
No comments posted yet!